 Dungeon Crawl Stone Soup version 0.20.0 (webtiles) character file.

98 Danakh the Slasher (level 4, -1/27 HPs)
             Began as a Tengu Warper on May 31, 2017.
             Slain by Crazy Yiuf
             ... wielding a +2 quarterstaff of chaos
              (3 damage)
             ... on level 2 of the Dungeon.
             The game lasted 00:06:48 (1665 turns).

Danakh the Slasher (Tengu Warper)                   Turns: 1665, Time: 00:06:48

Health: -1/27      AC:  3    Str: 11    XL:     4   Next: 69%
Magic:  17/17      EV:  2    Int: 13    God:
Gold:   100        SH:  0    Dex: 15    Spells: 0/8 levels left

rFire    . . .     SeeInvis .   a - +0 falchion
rCold    . . .     Gourm    .   (no shield)
rNeg     + + +     Faith    .   b - +0 leather armour
rPois    ∞         Spirit   .   (helmet restricted)
rElec    .         Reflect  .   (no cloak)
rCorr    .         Harm     .   (no gloves)
MR       .....                  (boots unavailable)
Stlth    ++........             k - amulet of regeneration
Regen    0.5/turn               n - ring of magical power
MPRegen  0.2/turn               o - ring of stealth

@: lethally poisoned (-1 -> -1), petrified, very slightly contaminated,
invisible
A: beak, talons 3
a: no special abilities


You were on level 2 of the Dungeon.
You were not hungry.

You visited 1 branch of the dungeon, and saw 2 of its levels.

You collected 100 gold pieces.

Inventory:

Hand Weapons
 a - a +0 falchion (weapon)
Missiles
 e - 5 tomahawks of dispersal (quivered)
 i - 8 tomahawks
Armour
 b - a +0 leather armour (worn)
Jewellery
 k - an amulet of regeneration (around neck)
 n - a ring of magical power (left hand)
 o - a ring of stealth (right hand)
Scrolls
 d - a scroll of blinking
 h - a scroll of identify {unknown}
 j - a scroll of recharging {unknown}
 p - a scroll of enchant armour {unknown}
 s - a scroll of enchant weapon {unknown}
Potions
 l - a potion of curing {unknown}
 m - a potion of magic {unknown}
 q - a potion of cancellation {unknown}
Books
 c - a book of Spatial Translocations

   Spells                             Type                      Level
   a - Blink                          Translocation                2
   b - Shroud of Golubria             Charms/Translocation         2
   c - Lesser Beckoning               Translocation                3
   d - Gell's Gravitas                Translocation                3
   e - Teleport Other                 Translocation                3
   f - Passage of Golubria            Translocation                4
Comestibles
 f - 4 bread rations
 g - a royal jelly


   Skills:
 + Level 2.8 Fighting
 * Level 3.4 Long Blades
 - Level 1.0 Throwing
 + Level 1.3 Armour
 + Level 3.1 Dodging
 + Level 2.5 Spellcasting
 - Level 2.4 Translocations


You couldn't memorise any spells.
You knew the following spells:

 Your Spells              Type           Power        Failure   Level  Hunger
a - Lesser Beckoning      Tloc           #.........   34%         3    ###....
b - Blink                 Tloc           N/A          19%         2    ###....
f - Teleport Other        Tloc           #.......     34%         3    ###....


Dungeon Overview and Level Annotations

Branches:
Dungeon (2/15)

Altars:

Annotations:
D:2 Crazy Yiuf


Innate Abilities, Weirdness & Mutations

You have a beak for a mouth.
You have claws for feet.


Message History

Crazy Yiuf hits you with a quarterstaff of chaos!
You are poisoned.
Crazy Yiuf hits you with a quarterstaff of chaos!
* * * LOW HITPOINT WARNING * * *
You fade into invisibility!
You are very lightly contaminated with residual magic.
You have turned to stone.
Crazy Yiuf barely misses you.
Crazy Yiuf says, "Ten light senile!"
Crazy Yiuf hits you with a quarterstaff of chaos!
* * * LOW HITPOINT WARNING * * *
Crazy Yiuf freezes you.
* * * LOW HITPOINT WARNING * * *
Crazy Yiuf yells, "Scoff head tired!"
Crazy Yiuf hits you with a quarterstaff of chaos!
* * * LOW HITPOINT WARNING * * *
Crazy Yiuf freezes you.
* * * LOW HITPOINT WARNING * * *
Crazy Yiuf hits you with a quarterstaff of chaos!
You die...

## #. #######.
#......( #.......
#......# ####
♣♣##......# #)..#♣♣
♣♣.........#
#..g@.♣♣♣♣..........#
#...#♣..♣...........'
#### ♣♣♣.♣..........#
♣♣♣♣♣#########


You could see Crazy Yiuf.

Vanquished Creatures
  3 adders (D:2)
  An ooze (D:2)
  3 worms (D:2)
  2 leopard geckos
  5 bats
  A giant cockroach (D:1)
  4 goblins
  10 hobgoblins
  4 jackals (D:1)
  5 frilled lizards
  7 kobolds
  10 rats
55 creatures vanquished.

Notes
Turn   | Place    | Note
-------+----------+-------------------------------------------
     0 | D:1      | Danakh the Tengu Warper began the quest for the Orb.
     0 | D:1      | Reached XP level 1. HP: 12/12 MP: 4/4
    80 | D:1      | Reached XP level 2. HP: 14/17 MP: 6/6
   372 | D:1      | Reached XP level 3. HP: 18/22 MP: 7/7
   488 | D:1      | Learned a level 2 spell: Blink
   492 | D:1      | Learned a level 3 spell: Lesser Beckoning
   971 | D:2      | Reached XP level 4. HP: 20/27 MP: 8/8
   977 | D:2      | Learned a level 3 spell: Teleport Other
  1428 | D:2      | Found a runed door.
  1654 | D:2      | Noticed Crazy Yiuf
  1663 | D:2      | HP: 1/27 [Crazy Yiuf/quarterstaff of chaos (1)]
  1665 | D:2      | Slain by Crazy Yiuf

Skill      XL: |  1  2  3  4 |
---------------+-------------+-----
Long Blades    | 3 |  3.4
Dodging        | 3 |  3.1
Fighting       | |  2.8
Throwing       | |  1.0
Armour         | |  1.3
Spellcasting   | |  2.5
Translocations | |  2.4

Action                   |  1- 3 |  4- 6 || total
-------------------------+-------+-------++-------
Melee: Falchion          |    96 |    47 ||   143
       Peck              |    18 |    14 ||    32
       Kick              |    20 |    15 ||    35
 Cast: Lesser Beckoning  |     1 |       ||     1
 Stab: Sleeping          |     1 |     1 ||     2
  Eat: Chunk             |       |     2 ||     2
       Royal jelly       |       |     1 ||     1
Armor: Leather armour    |    33 |     6 ||    39
Dodge: Dodged            |    81 |    27 ||   108
       Rpst.: Falchion   |    17 |    15 ||    32
